 Dungeon Crawl Stone Soup version 0.24-a0-22-g2a401c0 (webtiles) character file.

Game seed: 9099553138086952036

163 Borgoz the Skirmisher (level 5, -3/47 HPs)
             Began as a Hill Orc Abyssal Knight on Feb 1, 2019.
             Was a Believer of Lugonu.
             Slain by a river rat (5 damage)
             ... on level 3 of the Dungeon.
             The game lasted 00:04:01 (1807 turns).

Borgoz the Skirmisher (Hill Orc Abyssal Knight)     Turns: 1807, Time: 00:04:02

Health: -3/47      AC:  5    Str: 15    XL:     5   Next: 44%
Magic:  7/7        EV: 11    Int: 12    God:    Lugonu [**....]
Gold:   60         SH:  0    Dex: 11    Spells: 4/4 levels left

rFire    . . .     SeeInvis .   a - +1 hand axe
rCold    . . .     Gourm    .   (no shield)
rNeg     . . .     Faith    .   e - +0 ring mail
rPois    .         Spirit   .   (no helmet)
rElec    .         Reflect  .   (no cloak)
rCorr    .         Harm     .   (no gloves)
MR       .....                  (no boots)
Stlth    ..........             (no amulet)
HPRegen  0.15/turn              (no ring)
MPRegen  0.10/turn              (no ring)

@: very slow
A: no striking features
a: Depart the Abyss, Bend Space, Renounce Religion


You were on level 3 of the Dungeon.
You worshipped Lugonu.
Lugonu was pleased with you.
You were not hungry.

You visited 1 branch of the dungeon, and saw 3 of its levels.
You visited the Abyss 1 time.

You collected 60 gold pieces.

Inventory:

Hand Weapons
 a - a +1 hand axe (weapon)
Armour
 e - a +0 ring mail (worn)
Scrolls
 g - a scroll of remove curse
 h - 3 scrolls of teleportation
Comestibles
 c - 2 rations


   Skills:
 + Level 4.3 Fighting
 * Level 4.3 Axes
 * Level 3.5 Armour
 + Level 1.7 Dodging
 + Level 3.6 Invocations


You had 4 spell levels left.
You didn't know any spells.
Your spell library was empty.

Dungeon Overview and Level Annotations

Branches:
Dungeon (3/15)

Altars:

Annotations:
D:3 Grinder


Message History

Moving in this stuff is going to be slow.
The river rat bites you.
* * * LOW HITPOINT WARNING * * *
The river rat misses you. The river rat closely misses you.
The river rat bites you.
* * * LOW HITPOINT WARNING * * *
The worm bites you.
* * * LOW HITPOINT WARNING * * *
All of the chunks of flesh in your inventory have rotted away.
Your unstable footing causes you to fumble your attack.
The river rat closely misses you. The river rat misses you.
You hit the river rat.
The river rat is lightly wounded.
The river rat closely misses you.
You hit the river rat.
The river rat is severely wounded.
The river rat bites you.
You die...

#####.......##.#####
.# ###...#........# .#
#...####.###.##.######
##### ##÷###.........$
#............###
#.....≈......#
#######...≈≈≈≈≈.≈$.#
#.......####≈#≈#≈≈##
#.#######≈@rw≈≈≈≈≈#
#≈######### #≈†≈r≈≈#
####≈#≈# #≈≈≈≈#≈#
#≈##≈#≈# # #≈≈#≈#
#≈##≈# #≈##r≈


You could see a worm and a river rat.

Vanquished Creatures
  Jessica (D:2)
  A hound skeleton (D:2)
  4 adders
  2 river rats (D:3)
  A worm (D:3)
  5 dart slugs
  2 leopard geckos (D:3)
  2 ball pythons
  2 giant cockroaches
  7 goblins
  5 hobgoblins
  4 kobolds
  2 quokkas (D:2)
  8 bats
  3 frilled lizards
  8 rats
57 creatures vanquished.

Notes
Turn   | Place    | Note
-------+----------+-------------------------------------------
     0 | Abyss:1  | Borgoz the Hill Orc Abyssal Knight began the quest for the
                  | Orb.
     0 | Abyss:1  | Reached XP level 1. HP: 19/19 MP: 2/2
    79 | Abyss:1  | Noticed a worldbinder
    84 | D:1      | Escaped the Abyss
   194 | D:1      | Reached skill level 1 in Dodging
   194 | D:1      | Reached XP level 2. HP: 21/27 MP: 3/3
   306 | D:1      | Reached * piety under Lugonu
   591 | D:1      | Reached XP level 3. HP: 32/33 MP: 5/5
   872 | D:2      | Noticed Jessica
   879 | D:2      | Killed Jessica
   879 | D:2      | Reached XP level 4. HP: 31/40 MP: 6/6
   919 | D:2      | Found a faded altar of an unknown god.
  1453 | D:3      | Noticed Grinder
  1541 | D:3      | Reached ** piety under Lugonu
  1568 | D:3      | Reached XP level 5. HP: 34/46 MP: 7/7
  1803 | D:3      | HP: 1/47 [worm (6)]
  1807 | D:3      | Slain by a river rat

Vault maps used:
D:1:      saegor_arrival_simple_d, st_stairs_8, chequers_serial_rivers_micro_d
D:2:      chequers_ecumenical_altar_simple, st_stairs_5, uniq_jessica
D:3:      lightli_sewer_entry_pipes, uniq_grinder
Abyss:1:  kilobyte_mutagenic_chamber

Skill      XL: |  1  2  3  4 |
---------------+-------------+-----
Dodging        | 1 |  1.7
Axes           | 3 4 |  4.3
Invocations    | 3 |  3.6
Fighting       | 4 |  4.3
Armour         | 3 |  3.5

Action                   |  1- 3 |  4- 6 || total
-------------------------+-------+-------++-------
Melee: Hand axe          |    98 |   119 ||   217
Invok: Depart the Abyss  |     1 |       ||     1
       Bend Space        |       |     1 ||     1
  Use: Scroll            |     4 |     2 ||     6
       Potion            |       |     2 ||     2
  Eat: Chunk             |       |     3 ||     3
Armor: Ring mail         |    39 |    35 ||    74
Dodge: Dodged            |    58 |    61 ||   119

Table legend:
 A = Non-vault XP
 B = Vault XP
 C = Vault XP percentage of total XP
 D = Non-vault monster count
 E = Vault monster count
 F = Vault count percentage of total count
                 A         B        C        D         E       F
            +---------+---------+-------+---------+---------+-------
      Total |     115 |     118 |  50.6 |      45 |      12 |  21.1
            +---------+---------+-------+---------+---------+-------
        D:1 |      41 |       4 |   8.9 |      23 |       1 |   4.2
        D:2 |      46 |      53 |  53.5 |      14 |       4 |  22.2
        D:3 |      28 |      61 |  68.5 |       8 |       7 |  46.7
            +---------+---------+-------+---------+---------+-------
